 Dungeon Sprint DCSS version 0.16-a0-1295-g5a7e1d0 (webtiles) character file.

8600000 Consentacles the Axe Maniac (level 27, -15/323 HPs)
             Began as a Troll Warper on Oct 14, 2014.
             Was the Champion of Makhleb.
             Killed from afar by a lost soul (76 damage)
             ... with a bolt of negative energy
             ... in the Dungeon (Sprint VIII: "Arena of Blood").
             The game lasted 00:07:04 (86 turns).

Consentacles the Axe Maniac (Troll Warper)            Turns: 86, Time: 00:07:04

Health: -15/323    AC:  7    Str: 27    XL:     27
Magic:  25/48      EV: 29    Int:  9    God:    Makhleb [******]
Gold:   0          SH:  0    Dex: 18    Spells: 1 memorised, 79 levels left

rFire  . . .     SeeInvis .     k - +∞ Axe of Woe
rCold  . . .     Clarity  .     b - +0 robe
rNeg   . . .     SustAb   .     (shield restricted)
rPois  .         Gourm    +     (helmet restricted)
rElec  .         Spirit   .     (no cloak)
rCorr  .         Warding  .     (gloves unavailable)
rMut   .         NoTele   +     (boots unavailable)
MR     ++...                    (no amulet)
Stlth  ++++++....               (no ring)
                                (no ring)

@: heavily drained, very resistant to hostile enchantments, very stealthy
A: unfitting armour, claws 3, fast metabolism 3, gourmand, regeneration 2,
saprovore 2, shaggy fur 1, tough skin 2
a: Minor Destruction, Lesser Servant of Makhleb, Major Destruction, Greater
Servant of Makhleb, Renounce Religion


You were in the Dungeon.
You worshipped Makhleb.
Makhleb was exalted by your worship.
You were not hungry.

You visited 1 branch

Inventory:

Hand weapons
 k - the +∞ Axe of Woe (weapon)
   (You found it in the Dungeon)
Missiles
 e - 5 tomahawks of dispersal (quivered)
Armour
 b - a +0 robe (worn)
Scrolls
 d - 2 scrolls of blinking
Potions
 f - a potion of curing
 g - a potion of heal wounds
 h - a potion of haste
 i - 2 potions of magic
 j - a potion of berserk rage
Books
 c - a book of Spatial Translocations

   Spells                             Type                      Level
   *Apportation                       Translocation                1
   Blink                              Translocation                2
   Shroud of Golubria                 Charms/Translocation         2
   Portal Projectile                  Translocation                3
   Teleport Other                     Translocation                3
   Passage of Golubria                Translocation                4
Comestibles
 a - 2 meat rations


   Skills:
 O Level 27(24.1) Fighting
 O Level 27(24.1) Axes
 O Level 27(24.1) Throwing
 O Level 27(24.1) Armour
 O Level 27(24.1) Dodging
 O Level 27(24.1) Stealth
 O Level 27(24.1) Unarmed Combat
 O Level 27(24.1) Spellcasting
 O Level 27(24.1) Translocations
 O Level 27(24.1) Invocations


You had 79 spell levels left.
You knew the following spells:

 Your Spells              Type           Power        Failure   Level  Hunger
a - Apportation           Tloc           ######....   0%          1    None


Dungeon Overview and Level Annotations

Branches:
Dungeon (1/1)

Altars:
Makhleb

Annotations:
D The Captor


Innate Abilities, Weirdness & Mutations

You are too large for most types of armour.
You have claws for hands.
Your metabolism is lightning-fast.
You like to eat raw meat.
You heal very quickly.
You can eat rotten meat.
You are covered in fur (AC +1).
You have very tough skin (AC +2).


Message History

The bolt of negative energy hits you!
You feel drained.
The eight-headed meat hydra calls on the powers of darkness!
The eight-headed meat hydra convulses!
The bag of meat convulses!
Your body is wracked with pain!
* * * LOW HITPOINT WARNING * * *
The Captor convulses!
The bag of meat convulses!
You hear a shout!
The meat beast bites you!
* * * LOW HITPOINT WARNING * * *
The meat beast completely misses you.
The destroyer blinks!
You hear a shout! x2
Items here: )) == a +9 war axe; a +30 ring of slaying; a +9 war axe; a +30 ring of slaying A dread comes into view.
You hear a shout! x6
The accursed casts a spell at you. Something smites you!
* * * LOW HITPOINT WARNING * * *
The bolt of negative energy hits you!
You feel drained.
You die...

............ ....
...#.#....... .....
.......%....####......
........%.%..%..........
....................#...
........%%)%).....%......
........)))))))))....#%...
#.....))#..)))§§.........
#.....).#..)@2§V)%..##...
.###....)))###oD§§2).%......
.......###.....%@§M))..###..
........_..).......)...%....
.....#....W#...o...#.#.....
. #_.<._#...............
#.....#C.....#.#.#....
....._.................
......###........ # #M#


You could see an accursed, 2 meat beasts, an eight-headed meat hydra, a
destroyer, a large bag of meat (inner flame), a dread (wandering), The Captor
and 2 bags of meat.

Vanquished Creatures
  Harold (D)
  5 hell beasts (D)
  6 hill giants (D)
  2 liches (D)
  25 ogres (D)
  55 orcs (D)
  A phantom (D)
  5 skeletal warriors (D)
  10 vampire knights (D)
  2 wraiths (D)
  11 large abominations (D)
  A tentacled monstrosity (D)
  6 small abominations (D)
  7 crawling corpses (D)
137 creatures vanquished.

Vanquished Creatures (others)
  4 crawling corpses (D)
4 creatures vanquished.

Grand Total: 141 creatures vanquished

Notes
Turn   | Place    | Note
--------------------------------------------------------------
     0 | D        | Consentacles, the Troll Warper, began the quest for the Orb.
     0 | D        | Reached XP level 1. HP: 19/19 MP: 2/2
     3 | D        | Noticed a bag of meat
     4 | D        | Became a worshipper of Makhleb the Destroyer
     5 | D        | Noticed a bag of meat
     6 | D        | Noticed a bag of meat
     6 | D        | Noticed a meat berserker
     7 | D        | Noticed a bag of meat
     7 | D        | Killed a bag of meat
     7 | D        | Reached skill level 21 in Axes
     7 | D        | Reached XP level 2. HP: 27/27 MP: 2/2
     7 | D        | Reached XP level 3. HP: 33/33 MP: 3/3
     7 | D        | Reached XP level 4. HP: 41/41 MP: 4/4
     7 | D        | Reached XP level 5. HP: 48/48 MP: 4/4
     7 | D        | Reached XP level 6. HP: 55/55 MP: 5/5
     7 | D        | Reached XP level 7. HP: 62/62 MP: 5/5
     7 | D        | Reached XP level 8. HP: 70/70 MP: 6/6
     7 | D        | Reached XP level 9. HP: 76/76 MP: 7/7
     7 | D        | Reached XP level 10. HP: 85/85 MP: 7/7
     7 | D        | Reached XP level 11. HP: 92/92 MP: 7/7
     8 | D        | Noticed a bag of meat
     8 | D        | Noticed a meat berserker
     8 | D        | Noticed a bag of meat
     8 | D        | Killed a bag of meat
     8 | D        | Acquired Makhleb's first power
     8 | D        | Reached skill level 24 in Axes
     8 | D        | Reached XP level 12. HP: 71/100 MP: 9/9
     8 | D        | Killed a bag of meat
     8 | D        | Reached skill level 26 in Axes
     8 | D        | Reached XP level 13. HP: 75/106 MP: 9/9
     8 | D        | Killed a meat berserker
     8 | D        | Reached skill level 27 in Axes
     8 | D        | Killed a bag of meat
     8 | D        | Acquired Makhleb's second power
     8 | D        | Reached XP level 14. HP: 113/156 MP: 9/9
     9 | D        | Noticed a meat berserker
    10 | D        | Noticed a bag of meat
    10 | D        | Noticed a meat berserker
    10 | D        | Noticed a bag of meat
    10 | D        | Noticed a bag of meat
    11 | D        | Noticed a bag of meat
    11 | D        | Killed a meat berserker
    12 | D        | Noticed a bag of meat
    12 | D        | Noticed a meat berserker
    12 | D        | Killed a meat berserker
    12 | D        | Reached XP level 15. HP: 174/183 MP: 11/11
    13 | D        | Killed a bag of meat
    13 | D        | Acquired Makhleb's third power
    14 | D        | Killed a meat berserker
    15 | D        | Noticed a bag of meat
    16 | D        | Noticed a bag of meat
    16 | D        | Noticed a bag of meat
    16 | D        | Noticed a destroyer
    17 | D        | Noticed a bag of meat
    17 | D        | Killed a destroyer
    17 | D        | Killed a bag of meat
    17 | D        | Acquired Makhleb's fourth power
    17 | D        | Reached XP level 16. HP: 209/215 MP: 11/11
    17 | D        | Killed a bag of meat
    17 | D        | Reached skill level 27 in Fighting
    18 | D        | Noticed a meat berserker
    18 | D        | Noticed a bag of meat
    19 | D        | Noticed a bag of meat
    19 | D        | Noticed a bag of meat
    19 | D        | Noticed a meat berserker
    19 | D        | Killed a meat berserker
    19 | D        | Killed a bag of meat
    19 | D        | Killed a bag of meat
    19 | D        | Acquired Makhleb's fifth power
    19 | D        | Reached XP level 17. HP: 226/226 MP: 11/11
    20 | D        | Noticed a bag of meat
    21 | D        | Noticed a large bag of meat
    21 | D        | Noticed a bag of meat
    21 | D        | Noticed a bag of meat
    21 | D        | Noticed a bag of meat
    21 | D        | Killed a meat berserker
    22 | D        | Noticed a bag of meat
    22 | D        | Noticed a bag of meat
    22 | D        | Killed a bag of meat
    22 | D        | Killed a bag of meat
    22 | D        | Killed a bag of meat
    23 | D        | Noticed a meat berserker
    23 | D        | Killed a bag of meat
    23 | D        | Reached skill level 27 in Dodging
    23 | D        | Reached XP level 18. HP: 236/236 MP: 12/12
    23 | D        | Killed a bag of meat
    24 | D        | Noticed a large bag of meat
    24 | D        | Killed a meat berserker
    24 | D        | Reached skill level 15 in Translocations
    25 | D        | Noticed a bag of meat
    25 | D        | Killed a bag of meat
    25 | D        | Killed a bag of meat
    25 | D        | Killed a bag of meat
    26 | D        | Noticed a bag of meat
    27 | D        | Noticed a destroyer
    27 | D        | Noticed a large bag of meat
    27 | D        | Noticed a bag of meat
    27 | D        | Killed a bag of meat
    27 | D        | Reached XP level 19. HP: 245/245 MP: 13/13
    27 | D        | Killed a bag of meat
    28 | D        | Noticed a destroyer
    28 | D        | Killed a bag of meat
    28 | D        | Killed a bag of meat
    29 | D        | Killed a large bag of meat
    29 | D        | Reached skill level 27 in Translocations
    29 | D        | Killed a meat berserker
    30 | D        | Noticed a meat berserker
    30 | D        | Noticed a meat berserker
    30 | D        | Noticed a meat berserker
    30 | D        | Killed a bag of meat
    30 | D        | Reached XP level 20. HP: 256/256 MP: 13/13
    30 | D        | Killed a bag of meat
    31 | D        | Noticed a meat berserker
    31 | D        | Noticed a bag of meat
    31 | D        | Killed a bag of meat
    32 | D        | Noticed a destroyer
    32 | D        | Killed a large bag of meat
    33 | D        | Noticed a destroyer
    33 | D        | Noticed a bag of meat
    33 | D        | Noticed a destroyer
    33 | D        | Killed a destroyer
    34 | D        | Noticed a bag of meat
    34 | D        | Noticed a bag of meat
    34 | D        | Noticed a meat berserker
    34 | D        | Killed a meat berserker
    34 | D        | Killed a bag of meat
    34 | D        | Reached skill level 27 in Armour
    35 | D        | Noticed a bag of meat
    35 | D        | Killed a meat berserker
    35 | D        | Killed a large bag of meat
    35 | D        | Reached XP level 21. HP: 219/265 MP: 13/36
    35 | D        | Killed a bag of meat
    35 | D        | Killed a destroyer
    36 | D        | Noticed The Servant
    36 | D        | Killed a destroyer
    36 | D        | Killed a meat berserker
    37 | D        | Noticed a bag of meat
    37 | D        | Noticed a destroyer
    37 | D        | Noticed a bag of meat
    37 | D        | Noticed a bag of meat
    37 | D        | Noticed a meat berserker
    37 | D        | Killed a meat berserker
    38 | D        | Noticed a bag of meat
    38 | D        | Noticed a bag of meat
    38 | D        | Killed a bag of meat
    38 | D        | Killed a bag of meat
    39 | D        | Noticed a large bag of meat
    39 | D        | Noticed a bag of meat
    40 | D        | Noticed a bag of meat
    40 | D        | Killed a destroyer
    40 | D        | Reached XP level 22. HP: 275/275 MP: 14/44
    40 | D        | Killed a meat berserker
    40 | D        | Killed a bag of meat
    41 | D        | Killed a bag of meat
    41 | D        | Killed a bag of meat
    41 | D        | Killed a meat berserker
    41 | D        | Reached skill level 27 in Spellcasting
    41 | D        | Killed a destroyer
    42 | D        | Noticed a sculptor of flesh
    42 | D        | Noticed a meat berserker
    42 | D        | Killed a bag of meat
    43 | D        | Noticed a sculptor of flesh
    43 | D        | Noticed a bag of meat
    43 | D        | Noticed a meat berserker
    44 | D        | Killed The Servant
    44 | D        | Killed a bag of meat
    44 | D        | Reached XP level 23. HP: 148/284 MP: 15/47
    44 | D        | Killed a bag of meat
    44 | D        | Killed a bag of meat
    44 | D        | Killed a bag of meat
    44 | D        | Reached skill level 27 in Invocations
    44 | D        | Reached skill level 10 in Unarmed Combat
    44 | D        | Killed a destroyer
    44 | D        | Reached skill level 15 in Unarmed Combat
    45 | D        | Noticed a bag of meat
    45 | D        | Noticed a bag of meat
    45 | D        | Killed a bag of meat
    45 | D        | Killed a bag of meat
    46 | D        | Noticed a large bag of meat
    46 | D        | Killed a meat berserker
    47 | D        | Noticed a bag of meat
    47 | D        | Noticed a bag of meat
    47 | D        | Noticed a bag of meat
    48 | D        | Noticed a destroyer
    48 | D        | Killed a meat berserker
    48 | D        | Reached skill level 27 in Unarmed Combat
    49 | D        | Noticed a sculptor of flesh
    49 | D        | Noticed a tyrant
    49 | D        | Killed a bag of meat
    49 | D        | Reached XP level 24. HP: 295/295 MP: 16/47
    50 | D        | HP: 11/295 [tyrant/the air (24)]
    51 | D        | Noticed a meat berserker
    51 | D        | Killed a sculptor of flesh
    51 | D        | Killed a bag of meat
    52 | D        | Noticed a sculptor of flesh
    52 | D        | Killed a bag of meat
    52 | D        | Killed a large bag of meat
    53 | D        | Noticed a bag of meat
    53 | D        | Killed a bag of meat
    54 | D        | Noticed a tyrant
    54 | D        | Noticed a meat berserker
    54 | D        | Killed a destroyer
    54 | D        | Killed a bag of meat
    54 | D        | Killed a bag of meat
    55 | D        | Noticed a meat berserker
    55 | D        | Killed a bag of meat
    56 | D        | Killed a meat berserker
    56 | D        | Killed a sculptor of flesh
    56 | D        | Reached skill level 27 in Stealth
    56 | D        | Reached XP level 25. HP: 304/304 MP: 17/47
    57 | D        | Noticed a meat berserker
    57 | D        | Killed a sculptor of flesh
    58 | D        | Noticed a bag of meat
    59 | D        | Killed a sculptor of flesh
    61 | D        | Noticed a meat berserker
    61 | D        | Noticed a meat beast
    61 | D        | Killed a meat beast
    61 | D        | Killed a bag of meat
    62 | D        | Noticed a bag of meat
    62 | D        | Noticed a meat berserker
    62 | D        | Killed a tyrant
    62 | D        | Killed a meat berserker
    63 | D        | Noticed a meat beast
    64 | D        | Noticed a bag of meat
    64 | D        | Killed a tyrant
    64 | D        | Reached skill level 27 in Throwing
    64 | D        | Killed a meat berserker
    64 | D        | Killed a meat berserker
    64 | D        | Killed a meat beast
    65 | D        | Noticed a destroyer
    65 | D        | Noticed a sculptor of flesh
    65 | D        | Noticed a bag of meat
    65 | D        | Noticed a meat berserker
    67 | D        | Noticed a bag of meat
    67 | D        | Killed a meat berserker
    67 | D        | Killed a meat berserker
    67 | D        | Reached XP level 26. HP: 312/314 MP: 20/48
    68 | D        | Noticed a destroyer
    68 | D        | Noticed a bag of meat
    68 | D        | Killed a large bag of meat
    68 | D        | Killed a bag of meat
    69 | D        | Killed a bag of meat
    70 | D        | Noticed a large bag of meat
    70 | D        | Noticed a dread
    70 | D        | Killed a meat berserker
    71 | D        | Killed a bag of meat
    73 | D        | Noticed a bag of meat
    73 | D        | Killed a bag of meat
    74 | D        | Noticed an accursed
    74 | D        | Noticed a meat beast
    74 | D        | Noticed a bag of meat
    74 | D        | Noticed a bag of meat
    75 | D        | Noticed a dread
    75 | D        | Noticed a meat beast
    76 | D        | Killed a dread
    76 | D        | Killed a meat beast
    77 | D        | Killed a bag of meat
    77 | D        | Killed a destroyer
    78 | D        | Noticed a meat berserker
    78 | D        | Noticed a destroyer
    78 | D        | Noticed a meat berserker
    78 | D        | Killed a dread
    78 | D        | Killed a bag of meat
    78 | D        | Killed a sculptor of flesh
    78 | D        | Reached XP level 27. HP: 323/323 MP: 23/48
    78 | D        | Killed a destroyer
    78 | D        | Killed a meat beast
    79 | D        | Noticed a meat beast
    79 | D        | Killed a bag of meat
    80 | D        | Killed a bag of meat
    81 | D        | Noticed a meat beast
    81 | D        | Killed a bag of meat
    81 | D        | Killed a lost soul
    82 | D        | Noticed a bag of meat
    83 | D        | Noticed The Captor
    83 | D        | Killed a meat berserker
    83 | D        | Killed a large bag of meat
    84 | D        | Killed a meat berserker
    84 | D        | Killed a meat beast
    85 | D        | Noticed a meat beast
    85 | D        | Noticed a bag of meat
    86 | D        | Noticed a dread
    86 | D        | Killed from afar by a lost soul

Action                   |  1- 3 |  4- 6 |  7- 9 | 10-12 | 13-15 | 16-18 | 19-21 | 22-24 | 25-27 || total
-------------------------+-------+-------+-------+-------+-------+-------+-------+-------+-------++-------
Melee: Executioner's axe |     1 |       |       |     1 |     5 |     7 |    12 |    14 |    20 ||    60
